 Dungeon Crawl Stone Soup version 0.21-a0-442-g848f44b (webtiles) character file.

25 AverageBear the Cutter (level 2, -2/18 HPs)
             Began as a Deep Elf Fighter on Nov 12, 2017.
             Slain by an adder (4 damage)
             ... on level 2 of the Dungeon.
             The game lasted 00:01:12 (1065 turns).

AverageBear the Cutter (Deep Elf Fighter)           Turns: 1065, Time: 00:01:13

Health: -2/18      AC:  6    Str: 13    XL:     2   Next: 82%
Magic:  4/4        EV:  6    Int: 12    God:
Gold:   29         SH:  8    Dex: 14    Spells: 1/1 levels left

rFire    . . .     SeeInvis .   a - +0 rapier
rCold    . . .     Gourm    .   c - +0 shield
rNeg     . . .     Faith    .   b - +0 scale mail
rPois    .         Spirit   .   (no helmet)
rElec    .         Reflect  .   (no cloak)
rCorr    .         Harm     .   (no gloves)
MR       .....                  (no boots)
Stlth    ..........             (no amulet)
HPRegen  0.06/turn              (no ring)
MPRegen  0.09/turn              (no ring)

@: very slightly contaminated, invisible
A: no striking features
a: no special abilities


You were on level 2 of the Dungeon.
You were hungry.

You visited 1 branch of the dungeon, and saw 2 of its levels.

You collected 29 gold pieces.

Inventory:

Hand Weapons
 a - a +0 rapier (weapon)
Armour
 b - a +0 scale mail (worn)
 c - a +0 shield (worn)
Jewellery
 p - an uncursed amulet of rage {unknown}
Scrolls
 j - a scroll of enchant armour {unknown}
 l - a scroll of fear {unknown}
Potions
 d - a potion of might
 e - a potion of curing
 h - a potion of flight {unknown}
 i - a potion of heal wounds {unknown}
 m - a potion of mutation {unknown}
 n - a potion of resistance {unknown}
Comestibles
 f - 4 bread rations
 k - a chunk of flesh
 o - 4 fruits


   Skills:
 - Level 2.4 Fighting
 + Level 3.4 Short Blades
 - Level 2.4 Armour
 - Level 2.4 Shields


You had one spell level left.
You didn't know any spells.

Dungeon Overview and Level Annotations

Branches:
Dungeon (2/15)

Altars:

Annotations:
D:2 Jessica


Message History

Jessica blinks!
The rat twitches its whiskers.
You are feeling hungry.
The adder bites you but does no damage. Jessica hits you but does no damage.
The adder barely misses you.
It was a potion of invisibility.
You fade into invisibility!
You block the rat's attack. The adder bites you.
* * * LOW HITPOINT WARNING * * *
You block Jessica's attack.
You are very lightly contaminated with residual magic.
You hit Jessica.
Jessica is almost dead.
You block the adder's attack. The rat bites you but does no damage.
You block Jessica's attack.
You barely miss Jessica.
Jessica is almost dead.
You block the adder's attack. The rat barely misses you.
Jessica closely misses you. The adder bites you.
You die...

#.# #.#
######.#
......#
..###....###
...........+
##....#
#...Sr#
#!###@# #
#@# #.# ..#
####


You could see an adder, Jessica and a rat.

Vanquished Creatures
  2 dart slugs (D:1)
  2 leopard geckos (D:1)
  A bat (D:1)
  A goblin (D:1)
  3 hobgoblins (D:1)
  2 frilled lizards (D:1)
  5 kobolds (D:1)
  2 rats (D:1)
18 creatures vanquished.

Notes
Turn   | Place    | Note
-------+----------+-------------------------------------------
     0 | D:1      | AverageBear the Deep Elf Fighter began the quest for the Orb.
     0 | D:1      | Reached XP level 1. HP: 13/13 MP: 3/3
   511 | D:1      | Reached XP level 2. HP: 15/18 MP: 4/4
   603 | D:1      | Reached skill level 3 in Short Blades
  1053 | D:2      | Noticed Jessica
  1065 | D:2      | Slain by an adder

Vault maps used:
D:1:      lightli_arrival_maybe_door_vault, serial_glass, glass_columns_c,
          glass_columns_a
D:2:      chequers_ecumenical_altar_simple_redux, fedhas_altar_2, uniq_jessica,
          uniq_natasha, uniq_robin

Skill      XL: |  1  2 |
---------------+-------+-----
Short Blades   | 3 |  3.4
Fighting       | |  2.4
Armour         | |  2.4
Shields        | |  2.4

Action                   || total
-------------------------++-------
Melee: Rapier            ||    63
  Use: Potion            ||     2
Armor: Scale mail        ||    23
Dodge: Dodged            ||    14
Block: Shield            ||    27

Table legend:
 A = Spawn XP
 B = Non-spawn XP
 C = Spawn XP percentage of total XP
 D = Spawn monster count
 E = Non-spawn monster count
 F = Spawn count percentage of total count
 G = Total turns spent on level
                    A         B        C        D         E        F      G
               +---------+---------+-------+---------+---------+-------+---------
         Total |       0 |      36 |   0.0 |       0 |      18 |   0.0 |  1065
               +---------+---------+-------+---------+---------+-------+---------
           D:1 |       0 |      36 |   0.0 |       0 |      18 |   0.0 |  1052
               +---------+---------+-------+---------+---------+-------+---------
